[Event "Team 45 45 League T43"]
[Site "Internet Chess Club"]
[Date "2010.01.02"]
[Round "9"]
[White "chess9397"]
[Black "GeofDeV"]
[Result "0-1"]
[WhiteElo "1828"]
[BlackElo "1902"]
[Opening "French: Fort Knox variation"]
[ECO "C03"]
[Time "22:01:49"]
[TimeControl "2700+45"]

1. e4 e6 2. d4 d5 3. Nd2 dxe4 4. Nxe4 Bd7 5. Nf3 Bc6 6. Bd3 Nd7 7. O-O Ngf6 8.
Re1 Nxe4 9. Bxe4 Bxe4 10. Rxe4 Nf6 11. Re1 Qd5 12. Ne5 Be7 13. b3 c5 14. Bb2
cxd4 15. Qxd4 Qxd4 16. Bxd4 O-O 17. Rad1 Rfd8 18. c4 Bd6 19. f3 Bb4 20. Re3 Bc5
21. Red3 Rxd4 22. Rxd4 Rd8 23. Kf1 Rxd4 24. Nd3 b6 25. Ke2 h6 26. g3 g5 27. b4
Be7 28. Rc1 Rd8 29. c5 bxc5 30. bxc5 Nd5 31. c6 Rc8 32. f4 Bf6 33. Rc4 Ne7 34.
fxg5 hxg5 35. Nf2 Rxc6 36. Ra4 a6 37. Ne4 Nd5 38. Kf3 Be7 39. Ke2 f5 40. Kd3
fxe4+ 41. Rxe4 Nb4+ 42. Ke3 Nxa2 43. h4 Kf7 44. Kf3 Nc3 45. Rg4 Rc5 46. h5 Kg7
47. Rd4 Rf5+ 48. Kg2 Kh6 49. Rc4 Nd5 50. Re4 Rf6 51. g4 a5 {White resigns} 0-1

[Event "Team 45 45 League T43"]
[Site "Internet Chess Club"]
[Date "2010.01.02"]
[Round "9"]
[White "chess9793"]
[Black "pishd"]
[Result "1-0"]
[WhiteElo "1904"]
[BlackElo "1901"]
[Opening "Caro-Kann: exchange variation"]
[ECO "B13"]
[Time "11:10:27"]
[TimeControl "2700+45"]

1. e4 c6 2. d4 d5 3. exd5 cxd5 4. Bd3 Nc6 5. c3 Qc7 6. Ne2 Bg4 7. f3 Bd7 8. Bf4
e5 9. dxe5 Nxe5 10. Bc2 Bd6 11. Qxd5 Bc6 12. Qd2 O-O-O 13. O-O Ne7 14. Qc1 N7g6
15. Bg3 Bb5 16. Re1 Bxe2 17. Rxe2 Rhe8 18. Kh1 h5 19. Nd2 h4 20. Bf2 Nf4 21. Re4
Nfd3 22. Bxd3 Nxd3 23. Qf1 Rxe4 24. Nxe4 Nxf2+ 25. Qxf2 Bxh2 26. Qxa7 Rd5 27.
Qf2 Bg3 28. Qf1 f5 29. Ng5 Qb6 30. b3 Qe3 31. Qc4+ Qc5 32. Qxc5+ Rxc5 33. c4 Re5
34. a4 Re1+ 35. Rxe1 Bxe1 36. Ne6 Bc3 37. Nf4 Bd2 38. Nd3 Kc7 39. Kg1 g5 40. Kf2
Kb6 41. b4 Bc3 42. Ke3 Kc6 43. a5 Kd6 44. Nc5 Bxb4 45. Nxb7+ Kc7 46. a6 Kb6 47.
Nd8 Kxa6 48. Nf7 Bc5+ 49. Ke2 Be7 50. Nh6 f4 51. Kd3 Kb6 52. Kd4 Kc6 53. Nf7
Bf6+ 54. Ke4 Kc5 55. Kf5 Be7 56. Nxg5 Kxc4 57. Kxf4 Bd6+ 58. Kg4 Bg3 59. f4 Kd5
60. Nf3 Ke4 61. f5 Bf2 62. Nxh4 Bxh4 63. Kxh4 Kxf5 64. Kh5 Kf6 65. g4 Kf7 66.
Kh6 Kg8 67. Kg6 Kh8 68. Kh6 Kg8 69. g5 Kh8 70. g6 Kg8 71. g7 Kf7 72. Kh7 {Black
resigns} 1-0

[Event "Team 45 45 League T43"]
[Site "Internet Chess Club"]
[Date "2010.01.02"]
[Round "9"]
[White "toukon"]
[Black "ChessicalZ"]
[Result "1-0"]
[WhiteElo "1476"]
[BlackElo "1696"]
[Opening "Alekhine's defense: modern variation, 4...Bg4"]
[ECO "B05"]
[Time "11:00:07"]
[TimeControl "2700+45"]

1. e4 Nf6 2. e5 Nd5 3. d4 d6 4. Nf3 Bg4 5. Be2 Nc6 6. c4 Nb6 7. exd6 exd6 8. Nc3
Be7 9. O-O O-O 10. b3 Re8 11. Be3 Bf6 12. h3 Bd7 13. Re1 Nc8 14. Nd5 Nb8 15. Bd3
g6 16. Nxf6+ Qxf6 17. Bg5 Rxe1+ 18. Qxe1 Qe6 19. Qd2 d5 20. Re1 Qb6 21. c5 Qc6
22. Ne5 Qe6 23. Nxg6 Qxe1+ 24. Qxe1 fxg6 25. Qe5 {Black resigns} 1-0

[Event "Team 45 45 League T43"]
[Site "Internet Chess Club"]
[Date "2010.01.02"]
[Round "9"]
[White "crag"]
[Black "chess92192"]
[Result "1/2-1/2"]
[WhiteElo "1867"]
[BlackElo "1994"]
[Opening "French: Fort Knox variation"]
[ECO "C03"]
[Time "10:00:06"]
[TimeControl "2700+45"]

1. e4 e6 2. d4 d5 3. Nd2 dxe4 4. Nxe4 Bd7 5. Nf3 Bc6 6. Bd3 Nd7 7. c3 Ngf6 8.
Nxf6+ Qxf6 9. Bg5 Bxf3 10. Qd2 Bxg2 11. Bxf6 Bxh1 12. Bh4 Bd6 13. Qg5 g6 14.
O-O-O h6 15. Qe3 g5 16. Bg3 Bc6 17. Bxd6 cxd6 18. c4 Nf6 19. d5 Bd7 20. dxe6
fxe6 21. Bf5 Kf7 22. Rxd6 exf5 23. Qd4 Be6 24. Qe5 Rhe8 25. f3 Rac8 26. b3 b6
27. Kb2 Nh5 28. Qb5 Rc5 29. Qa6 Re7 30. Qa3 Re5 31. Kc1 Re3 32. Rd8 Bxc4 33. Qd6
R3e6 34. Qb8 Be2 35. Rg8 Re8 36. Rxe8 Rxe8 37. Qxa7+ Re7 38. Qxb6 Bxf3 39. Qxh6
Re2 40. Qxg5 Ke6 {Game drawn by mutual agreement} 1/2-1/2

[Event "Team 45 45 League T43"]
[Site "Internet Chess Club"]
[Date "2010.01.02"]
[Round "9"]
[White "hewdondada"]
[Black "chess2k7"]
[Result "0-1"]
[WhiteElo "1793"]
[BlackElo "1970"]
[Opening "Trompowsky attack (Ruth, Opocenský opening)"]
[ECO "A45"]
[Time "23:50:44"]
[TimeControl "2700+45"]

1. d4 Nf6 2. Bg5 d5 3. Bxf6 exf6 4. c4 c6 5. cxd5 cxd5 6. Nc3 Bb4 7. e3 O-O 8.
Nf3 Bg4 9. Be2 Qa5 10. Qb3 Rc8 11. Rc1 Nd7 12. O-O Bxc3 13. Rxc3 Rxc3 14. bxc3
Nb6 15. h3 Bxf3 16. Bxf3 Rc8 17. Rc1 f5 18. Be2 g6 19. g3 Rc7 20. Rc2 Nc4 21.
Bxc4 dxc4 22. Qb4 Qxb4 23. cxb4 Kf8 24. Kf1 Ke7 25. Ke2 Kd6 26. Kd2 a6 27. a4 b6
28. Ke2 Kd5 29. Kd2 g5 30. Kc3 h5 31. f3 Re7 32. Re2 b5 33. a5 Kd6 34. Kd2 Re6
35. e4 g4 36. e5+ Kd5 37. f4 Kxd4 38. hxg4 fxg4 39. Rh2 Rh6 40. Re2 h4 41. gxh4
Rxh4 42. f5 c3+ 43. Kc2 g3 44. e6 Rh2 45. exf7 Rxe2+ 46. Kb3 c2 47. f8=Q c1=Q
48. Qd6+ Ke4 49. Qe7+ Kf3 50. Qb7+ Kf2 {White forfeits on time} 0-1

[Event "Team 45 45 League T43"]
[Site "Internet Chess Club"]
[Date "2010.01.04"]
[Round "9"]
[White "jps7"]
[Black "mugurelt"]
[Result "0-1"]
[WhiteElo "1734"]
[BlackElo "1754"]
[Opening "King's Indian: East Indian defense"]
[ECO "A48"]
[Time "22:09:08"]
[TimeControl "2700+45"]

1. d4 Nf6 2. Nf3 g6 3. e3 Bg7 4. b3 c5 5. Bb2 cxd4 6. exd4 O-O 7. Bd3 d5 8. Nbd2
Nc6 9. a3 Nh5 10. g3 Qb6 11. c3 Bg4 12. h3 Bd7 13. g4 Nf4 14. Be2 f5 15. g5 Rae8
16. Nf1 e5 17. Ne3 exd4 18. cxd4 Nxe2 19. Qxe2 f4 20. O-O-O fxe3 21. fxe3 Qxb3
22. Rd3 Qb5 23. Qd2 Rxf3 24. h4 Bf5 25. Rc3 Rf1+ 26. Rxf1 Qxf1+ 27. Qd1 Qxd1+
28. Kxd1 Be4 29. Kd2 Rf8 30. Rc1 Na5 31. Rc7 Nc4+ 32. Kc3 Nxb2 33. Kxb2 Rf7 34.
Rc8+ Bf8 35. a4 Rf3 36. Rc7 Bb4 37. Rxb7 a5 38. Rb8+ Rf8 39. Rb7 Rf2+ 40. Kc1
Bc3 41. Rb8+ Kf7 42. Kd1 Bd3 43. Rb7+ Ke6 44. Rb6+ Kd7 45. Rb7+ Kc6 46. Rb3 Rf1#
{White checkmated} 0-1

[Event "Team 45 45 League T43"]
[Site "Internet Chess Club"]
[Date "2010.01.01"]
[Round "9"]
[White "RD1974"]
[Black "UnderRated"]
[Result "1-0"]
[WhiteElo "1685"]
[BlackElo "1673"]
[Opening "Sicilian: closed"]
[ECO "B23"]
[Time "11:03:05"]
[TimeControl "2700+45"]

1. e4 c5 2. Nc3 a6 3. g3 b5 4. Bg2 Bb7 5. d3 e6 6. Nge2 Nf6 7. O-O d6 8. Nf4 Nc6
9. h3 Be7 10. g4 g5 11. Nfe2 h6 12. Ng3 Qc7 13. Nce2 d5 14. exd5 Nxd5 15. c4 Nb6
16. cxb5 axb5 17. Qc2 Rd8 18. Be3 Nb4 19. Qc3 Rg8 20. Bxb7 Qxb7 21. Bxc5 N6d5
22. Qd2 Bxc5 23. d4 Ba7 24. Ne4 Nc6 25. Rfd1 Qe7 26. a3 Nf6 27. Qd3 Nxe4 28.
Qxe4 Rd6 29. Rac1 Qd7 30. d5 Ne7 31. Nc3 exd5 32. Rxd5 Rxd5 33. Nxd5 Rg6 34.
Rc8+ Qd8 35. Qxe7# {Black checkmated} 1-0

[Event "Team 45 45 League T43"]
[Site "Internet Chess Club"]
[Date "2010.01.04"]
[Round "9"]
[White "SlimeDog2"]
[Black "Gregorio"]
[Result "1/2-1/2"]
[WhiteElo "2185"]
[BlackElo "2047"]
[Opening "Nimzo-Indian: classical, Noa variation, 5.cd ed"]
[ECO "E35"]
[Time "20:07:51"]
[TimeControl "2700+45"]

1. d4 Nf6 2. c4 e6 3. Nc3 Bb4 4. Qc2 d5 5. cxd5 exd5 6. Bg5 O-O 7. e3 Re8 8. Bd3
h6 9. Bxf6 Qxf6 10. Ne2 c6 11. O-O Qh4 12. Rac1 Nd7 13. Na4 Bd6 14. g3 Qh5 15.
Nf4 Bxf4 16. exf4 Nf6 17. f3 Bh3 18. Rf2 Re3 19. Be2 Rae8 20. Nc5 Bf5 21. Qd2
R3e7 22. g4 Qg6 23. Rg2 Bb1 24. f5 Bxf5 25. gxf5 Qxg2+ 26. Kxg2 Rxe2+ 27. Qxe2
Rxe2+ 28. Kg3 Rxb2 29. a4 Rb4 30. a5 b6 31. Na6 Rc4 32. Rb1 bxa5 33. Rb8+ Kh7
34. Rb7 Rxd4 35. Rxf7 Nh5+ 36. Kf2 Rf4 37. Nc5 Nf6 38. Ne6 Rxf5 39. Rxg7+ Kh8
40. Rxa7 Ne4+ 41. Ke3 Ng5 42. Nd4 Re5+ 43. Kf4 Re8 44. Nxc6 Rf8+ 45. Kg4 Nxf3
46. Rxa5 {Game drawn by mutual agreement} 1/2-1/2

[Event "Team 45 45 League T43"]
[Site "Internet Chess Club"]
[Date "2010.01.03"]
[Round "9"]
[White "Phosphorus"]
[Black "crag"]
[Result "1-0"]
[WhiteElo "2026"]
[BlackElo "1857"]
[Opening "English: four knights, kingside fianchetto"]
[ECO "A29"]
[Time "12:20:05"]
[TimeControl "2700+45"]

1. c4 e5 2. Nc3 Nf6 3. Nf3 Nc6 4. g3 d5 5. cxd5 Nxd5 6. Bg2 Nxc3 7. bxc3 Be7 8.
O-O O-O 9. Rb1 Re8 10. Qa4 a6 11. d3 Rb8 12. Be3 Bd7 13. Qc2 Bf5 14. Rfd1 Bf6
15. Bc5 Be7 16. Bxe7 Rxe7 17. e4 Bg6 18. Nh4 Re6 19. Kh1 Ne7 20. Nxg6 Nxg6 21.
d4 Qe7 22. h4 Nf8 23. Kg1 Nd7 24. Qc1 Nf6 25. d5 Rd6 26. c4 b6 27. Qa3 a5 28. c5
Rdd8 29. d6 cxd6 30. cxb6 Nd7 31. Qxd6 Qxd6 32. Rxd6 Kf8 33. Bh3 Ke7 34. Rc6
Rdc8 35. Rxc8 Rxc8 36. b7 Rb8 37. Rb5 f6 38. a4 Kd8 39. f4 exf4 40. gxf4 Kc7 41.
Kf2 Kc6 42. Bxd7+ Kxd7 43. Ke3 Kc7 44. e5 fxe5 45. fxe5 Rxb7 46. Rxa5 Rb3+ 47.
Kf4 Rb4+ 48. Kg5 Rb7 49. Rd5 Kc6 50. Rd6+ Kc7 51. a5 Rb5 52. Kf5 Rxa5 53. Ke6
Kc8 54. Rc6+ Kb7 55. Rc4 g6 56. Kd6 Kb8 57. e6 Ra1 58. Re4 Ra6+ 59. Kd7 Ra7+ 60.
Kd8 Ra3 61. Rb4+ Ka8 62. e7 Rd3+ 63. Kc7 Rc3+ 64. Kd6 Rd3+ 65. Ke5 Re3+ 66. Re4
{Black resigns} 1-0

[Event "Team 45 45 League T43"]
[Site "Internet Chess Club"]
[Date "2010.01.05"]
[Round "9"]
[White "chess2k7"]
[Black "Matusalen"]
[Result "1-0"]
[WhiteElo "1987"]
[BlackElo "1985"]
[Opening "QGA: classical, Rubinstein variation"]
[ECO "D27"]
[Time "17:02:15"]
[TimeControl "2700+45"]

1. d4 d5 2. c4 dxc4 3. Nf3 Nf6 4. e3 e6 5. Bxc4 c5 6. O-O a6 7. a4 Nc6 8. Qe2
cxd4 9. Rd1 Be7 10. exd4 O-O 11. Nc3 Nd5 12. Bd2 b6 13. Ne5 Nxc3 14. Bxc3 Nxe5
15. dxe5 Qc7 16. Bd3 Bb7 17. Rac1 Qc6 18. Qg4 h5 19. Qh3 Rfd8 20. Bd4 Qxa4 21.
Qxh5 g6 22. Bxg6 fxg6 23. Qxg6+ Kf8 24. Qh6+ Kf7 25. Qh5+ Kf8 26. Rc7 Rd7 27.
Rxd7 Qxd7 28. Be3 Qe8 29. Qh8+ Kf7 30. Qh7+ {Black resigns} 1-0

[Event "Team 45 45 League T43"]
[Site "Internet Chess Club"]
[Date "2010.01.01"]
[Round "9"]
[White "MisticKnights"]
[Black "tammany"]
[Result "0-1"]
[WhiteElo "1899"]
[BlackElo "1753"]
[Opening "English: four knights, kingside fianchetto"]
[ECO "A29"]
[Time "19:05:42"]
[TimeControl "2700+45"]

1. c4 Nf6 2. Nc3 e5 3. Nf3 Nc6 4. g3 d5 5. cxd5 Nxd5 6. Bg2 Nb6 7. O-O Be7 8. d3
Be6 9. Be3 Qd7 10. Rc1 f6 11. a3 Bh3 12. Ne4 Bxg2 13. Kxg2 h5 14. d4 O-O-O 15.
Qc2 h4 16. dxe5 hxg3 17. fxg3 Nxe5 18. Bf4 Nd5 19. e3 g5 20. Nxe5 fxe5 21. Rfd1
c6 22. Nc3 Qh3+ 23. Kg1 Nxc3 24. Rxd8+ Bxd8 25. Bxe5 Nd5 26. Bxh8 Qxh8 27. Qf5+
Kb8 28. Re1 Qxb2 29. Qd7 Qb6 30. Kg2 Qc7 31. Qg4 Qd6 32. e4 Nf6 33. Rd1 Nxg4 34.
Rxd6 Kc7 35. Re6 c5 36. h3 Ne3+ 37. Kf3 Nc2 38. Re5 b6 39. a4 c4 40. Rd5 c3 41.
Ke2 Nb4 42. Rd4 c2 43. Rc4+ Kd6 44. Kd2 a5 45. Rd4+ Ke7 46. h4 gxh4 47. gxh4 Bc7
48. e5 Bxe5 49. Re4 Kf6 50. Kc1 Kf5 51. Re1 Nd3+ {White resigns} 0-1

[Event "Team 45 45 League T43"]
[Site "Internet Chess Club"]
[Date "2010.01.04"]
[Round "9"]
[White "BadHabitMarco"]
[Black "sandham"]
[Result "0-1"]
[WhiteElo "1970"]
[BlackElo "2056"]
[Opening "Sicilian: Kan, 5.Nc3"]
[ECO "B43"]
[Time "18:00:05"]
[TimeControl "2700+45"]

1. e4 c5 2. Nf3 e6 3. Nc3 a6 4. d4 cxd4 5. Nxd4 b5 6. Bd3 Qb6 7. Nb3 Qc7 8. O-O
Bb7 9. Qe2 d6 10. Kh1 Nd7 11. f4 Ngf6 12. Bd2 Be7 13. Nd1 Nc5 14. Ba5 Qd7 15. e5
Nd5 16. f5 Nxd3 17. fxe6 Qxe6 18. Qxd3 dxe5 19. Nf2 Nf4 20. Qd2 Bxg2+ 21. Kg1
Qg6 22. Nd3 Nh3# {White checkmated} 0-1

[Event "Team 45 45 League T43"]
[Site "Internet Chess Club"]
[Date "2010.01.03"]
[Round "9"]
[White "Zumbi"]
[Black "Paulkov"]
[Result "0-1"]
[WhiteElo "2037"]
[BlackElo "2079"]
[Opening "KP: Nimzovich defense"]
[ECO "B00"]
[Time "18:00:10"]
[TimeControl "2700+45"]

1. e4 Nc6 2. Nf3 d6 3. d4 Nf6 4. Nc3 Bg4 5. d5 Nb8 6. h3 Bxf3 7. Qxf3 g6 8. Be2
Bg7 9. Be3 c6 10. O-O Nbd7 11. Rad1 O-O 12. Qg3 c5 13. f4 Ne8 14. Qh4 Bf6 15.
Qf2 Qa5 16. e5 dxe5 17. Ne4 exf4 18. Bd2 Qa4 19. Nxf6+ Nexf6 20. Bxf4 Ne4 21.
Qf3 f5 22. Qd3 Ndf6 23. g4 Nd6 24. c4 Rae8 25. Bh6 Rf7 26. Kh2 Qd7 27. Rg1 fxg4
28. hxg4 e6 29. g5 Nfe4 30. Bg4 Nf2 31. dxe6 Nxg4+ 32. Rxg4 Qxe6 33. Rg2 Nf5 34.
Qd5 Qxd5 35. Rxd5 Ne3 36. Re2 Rfe7 37. Rxe3 Rxe3 38. Rxc5 Kf7 39. b4 Re2+ 40.
Kg3 Rxa2 41. Rc7+ Re7 42. Rc8 Rc2 43. Rf8+ Ke6 44. Rf6+ Kd7 45. Bf8 Re4 46. c5
a6 47. Bd6 Rb2 48. Rf7+ Kc6 49. Rc7+ Kd5 50. Rxb7 Rexb4 51. Rxh7 R2b3+ 52. Kf2
Ra4 53. Re7 Ra2+ 54. Re2 Rxe2+ 55. Kxe2 a5 56. Kd2 a4 57. Kc2 Re3 58. Kb2 Re6
59. Bf8 Re5 60. Ka3 Rxg5 61. Kxa4 Kc6 62. Kb4 Rd5 63. Kc4 g5 64. Bd6 g4 65. Bg3
Rxc5+ 66. Kd4 Rf5 67. Ke4 Rf7 68. Bh4 Kd6 69. Bg3+ Ke6 70. Bh4 Rf1 71. Bg3 Kf6
72. Bh4+ Kg6 73. Ke3 Kh5 74. Bf2 Kg5 75. Ke2 Rb1 76. Bg3 Kf5 77. Kf2 Ke4 78. Bh4
Rb3 79. Kg2 Kf4 80. Bf6 Rd3 81. Bg7 Rd2+ 82. Kf1 Kf3 83. Ke1 Rd7 84. Bf8 g3 85.
Bc5 Rb7 86. Bd4 Rb1+ 87. Kd2 g2 {White resigns} 0-1

[Event "Team 45 45 League T43"]
[Site "Internet Chess Club"]
[Date "2010.01.04"]
[Round "9"]
[White "poni"]
[Black "Ptzz"]
[Result "0-1"]
[WhiteElo "1943"]
[BlackElo "2037"]
[Opening "QGD Slav: 4.Nc3"]
[ECO "D15"]
[Time "12:00:05"]
[TimeControl "2700+45"]

1. Nf3 d5 2. d4 Nf6 3. c4 c6 4. Nc3 a6 5. c5 Nbd7 6. Bf4 Nh5 7. e3 g6 8. Bd3 Bg7
9. O-O O-O 10. Bg5 Re8 11. e4 dxe4 12. Bxe4 Qc7 13. Re1 Ndf6 14. Bc2 Nf4 15. Qd2
N4d5 16. Bh6 Bh8 17. h3 Be6 18. Qg5 Bg7 19. Bxg7 Kxg7 20. Ne5 Qc8 21. Rad1 Bf5
22. Bxf5 Qxf5 23. Qxf5 gxf5 24. Rd3 f4 25. Ne4 Nb4 26. Rb3 Nc2 {White resigns}
0-1

[Event "Team 45 45 League T43"]
[Site "Internet Chess Club"]
[Date "2010.01.04"]
[Round "9"]
[White "PaulKaspar"]
[Black "koni"]
[Result "1-0"]
[WhiteElo "1933"]
[BlackElo "1989"]
[Opening "Pirc defense"]
[ECO "B07"]
[Time "10:03:56"]
[TimeControl "2700+45"]

1. e4 d6 2. d4 Nf6 3. Nc3 e5 4. dxe5 dxe5 5. Qxd8+ Kxd8 6. Bg5 Be6 7. Nf3 Nd7 8.
O-O-O Bd6 9. Bh4 Ke7 10. Ng5 a6 11. Nxe6 fxe6 12. f3 b5 13. a3 Rhb8 14. Be2 Nb6
15. Bf2 b4 16. axb4 Bxb4 17. Na2 a5 18. Nxb4 axb4 19. Bc5+ Kf7 20. Bxb4 Na4 21.
Ba3 Nc3 22. Rde1 Nb5 23. Bxb5 Rxb5 24. Rd1 Ke8 25. Rd3 Rd8 26. Rxd8+ Kxd8 27.
Rd1+ Kc8 28. Kd2 Ne8 29. Kd3 Nd6 30. b4 Rb6 31. c4 Ra6 32. Bb2 Nf7 33. Kc3 g6
34. b5 Ra4 35. Kb3 Ra8 36. c5 Rb8 37. Kc4 Ra8 38. Ra1 Rxa1 39. Bxa1 Kb7 40. Bc3
h5 41. Bb4 g5 42. c6+ Kc8 43. Kc5 g4 44. Bd2 gxf3 45. gxf3 Kd8 46. b6 Kc8 47.
b7+ Kb8 48. h3 Ka7 49. f4 exf4 50. Bxf4 Kb8 51. Kb5 e5 52. Be3 Nd8 53. Kc5 Ne6+
54. Kd5 Nd8 55. Bg5 Nf7 56. Bf6 {Black resigns} 1-0

[Event "Team 45 45 League T43"]
[Site "Internet Chess Club"]
[Date "2010.01.04"]
[Round "9"]
[White "fishhead"]
[Black "CREDITorDEBIT"]
[Result "0-1"]
[WhiteElo "1827"]
[BlackElo "1855"]
[Opening "Sicilian"]
[ECO "B50"]
[Time "20:01:09"]
[TimeControl "2700+45"]

1. e4 c5 2. Nf3 d6 3. g3 g6 4. Bg2 Nc6 5. O-O Bg7 6. d3 Nf6 7. c3 a5 8. a4 Bd7
9. Na3 O-O 10. h3 e5 11. Nh4 Nh5 12. Nc4 Be6 13. Ne3 Qd7 14. Kh2 Bf6 15. Nhf5
Ne7 16. Nh6+ Kh8 17. Neg4 Bg7 18. f4 exf4 19. gxf4 f5 20. exf5 Nxf5 21. Nxf5
Bxf5 22. Ne3 Rab8 23. Nxf5 Qxf5 24. Qf3 Bh6 25. Bd2 Bxf4+ 26. Bxf4 Qxf4+ 27.
Qxf4 Nxf4 28. Rad1 Nxg2 29. Kxg2 Kg7 30. Rf3 Rxf3 31. Kxf3 Rf8+ 32. Ke4 Rf5 33.
d4 d5+ 34. Ke3 c4 35. Rh1 Kf6 36. Rh2 g5 37. Kd2 Rf4 38. Kc2 h5 39. b3 Kf5 40.
bxc4 dxc4 41. Kd2 Ke4 42. Re2+ Kf3 43. d5 Rf5 44. Re3+ Kf4 45. Ke2 Rxd5 46. Rf3+
Ke5 47. Rf7 b5 48. Rc7 g4 49. hxg4 hxg4 50. axb5 Rxb5 51. Rxc4 Kf5 52. Ra4 Rc5
53. Kf2 Rd5 54. Kg2 Kg5 55. c4 Rc5 56. Kg3 Kf5 57. Ra3 Ke4 58. Kxg4 Kd4 59. Kf4
Kxc4 60. Ke4 Kb4 61. Ra1 a4 62. Rh1 a3 63. Rh8 a2 64. Rb8+ Rb5 65. Ra8 Ra5 66.
Rb8+ Ka3 {White resigns} 0-1

[Event "Team 45 45 League T43"]
[Site "Internet Chess Club"]
[Date "2010.01.03"]
[Round "9"]
[White "ILRE"]
[Black "isolani"]
[Result "0-1"]
[WhiteElo "1585"]
[BlackElo "1546"]
[Opening "Pirc: Ufimtsev-Pytel variation"]
[ECO "B07"]
[Time "10:01:06"]
[TimeControl "2700+45"]

1. e4 d6 2. d4 Nf6 3. Nc3 c6 4. Nf3 Bg4 5. Be2 Nbd7 6. O-O e5 7. Be3 Be7 8. h3
Bh5 9. Qd2 O-O 10. Rad1 a6 11. dxe5 dxe5 12. Ne1 Bxe2 13. Qxe2 Qc7 14. a3 Nc5
15. f3 Ne6 16. Nd3 Rad8 17. Na4 Nd4 18. Qf2 b5 19. Nc3 a5 20. Rd2 b4 21. axb4
axb4 22. Ne2 c5 23. Nxd4 exd4 24. Bf4 Qc8 25. Kh1 c4 26. Ne5 Nh5 27. Bh2 Bc5 28.
Nxc4 d3 29. Qe1 dxc2 30. Rxc2 Qe6 31. b3 Rd3 32. Rd2 Rxb3 33. Qe2 Rc3 34. Rd5
Ba7 35. Ra1 Bb8 36. Rb1 Bxh2 37. Kxh2 Nf4 38. Qd2 Nxd5 39. exd5 Qg6 40. Rxb4 Rc2
41. Ne5 Rxd2 42. Nxg6 hxg6 43. Rb5 Rd8 44. Kg3 R8xd5 45. Rb8+ Rd8 46. Rb4 f5 47.
Rb7 R8d7 48. Rb8+ Kf7 49. h4 Kf6 50. Rb6+ R2d6 51. Rb8 g5 52. Rf8+ Ke7 53. Rg8
gxh4+ 54. Kxh4 Kf7 55. Rb8 Kg6 56. Kg3 Kg5 57. Rc8 f4+ 58. Kh2 Rh6+ 59. Kg1 Kh4
60. g3+ Kxg3 61. Kf1 Re7 {White resigns} 0-1

[Event "Team 45 45 League T43"]
[Site "Internet Chess Club"]
[Date "2010.01.04"]
[Round "9"]
[White "joshtournman"]
[Black "blizzard13"]
[Result "0-1"]
[WhiteElo "1413"]
[BlackElo "1454"]
[Opening "Richter-Veresov attack"]
[ECO "D01"]
[Time "13:49:27"]
[TimeControl "2700+45"]

1. d4 Nf6 2. Nc3 d5 3. Bg5 Ne4 4. Nxe4 dxe4 5. f3 f6 6. Bd2 Qxd4 7. Bc3 Qxd1+ 8.
Rxd1 exf3 9. exf3 Bd7 10. Bd3 e5 11. Ne2 Bc5 12. Rf1 Nc6 13. f4 O-O-O 14. fxe5
Nxe5 15. Bxe5 fxe5 16. Rf7 Rhf8 17. Rxg7 Bf2+ 18. Kd2 e4 19. Rxh7 exd3 20. cxd3
Bf5 21. Nf4 Bxh7 22. Ne6 Rxd3+ 23. Ke2 {White resigns} 0-1

[Event "Team 45 45 League T43"]
[Site "Internet Chess Club"]
[Date "2010.01.01"]
[Round "9"]
[White "BrandonBee"]
[Black "arconia"]
[Result "0-1"]
[WhiteElo "1545"]
[BlackElo "1394"]
[Opening "Sicilian: Nimzovich-Rossolimo attack (without ...d6)"]
[ECO "B30"]
[Time "10:00:09"]
[TimeControl "2700+45"]

1. e4 c5 2. Nf3 Nc6 3. Bb5 e6 4. Bxc6 bxc6 5. d3 d6 6. Nbd2 Qc7 7. O-O Nf6 8.
Nc4 Be7 9. e5 Nd5 10. Nxd6+ Bxd6 11. exd6 Qxd6 12. Re1 O-O 13. Ne5 f6 14. Ng4 e5
15. Ne3 Rb8 16. Nxd5 cxd5 17. b3 Bb7 18. Ba3 d4 19. Qh5 f5 20. Bc1 Rf6 21. f3
Rbf8 22. Re2 e4 23. fxe4 fxe4 24. Bg5 Rg6 25. Qh4 e3 26. Be7 Qd5 27. Qh3 Rf2 28.
Rxf2 exf2+ 29. Kf1 Rxg2 30. Bh4 Qf7 31. Qxg2 Bxg2+ 32. Kxg2 Qf4 33. Bxf2 Qd2 34.
Re1 Qxc2 35. Re5 Kf7 36. h4 c4 37. bxc4 Qxd3 38. Rd5 Qg6+ 39. Kf3 Qf6+ 40. Ke2
Qe6+ 41. Kd3 Qa6 42. Bxd4 Ke6 43. Re5+ Kd6 44. Re2 Qa3+ 45. Bc3 h5 46. Rd2 Kc5
47. Rb2 a6 48. Rg2 g6 49. Rg5+ Kb6 50. Rxg6+ Ka7 51. Rg2 Qd6+ 52. Bd4+ Kb7 53.
Rg7+ Kc6 54. Rg5 Qa3+ 55. Ke4 Qxa2 56. Rxh5 Qe2+ 57. Kf4 Qxh5 58. Kg3 Qe2 59.
Bf2 Qxc4 60. h5 Qd3+ 61. Kg4 a5 62. h6 Qg6+ {White resigns} 0-1

[Event "Team 45 45 League T43"]
[Site "Internet Chess Club"]
[Date "2010.01.03"]
[Round "9"]
[White "wbanks"]
[Black "AVEMARIA"]
[Result "1-0"]
[WhiteElo "1620"]
[BlackElo "1737"]
[Opening "French: Fort Knox variation"]
[ECO "C03"]
[Time "10:00:42"]
[TimeControl "2700+45"]

1. e4 e6 2. d4 d5 3. Nd2 dxe4 4. Nxe4 Bd7 5. Nf3 Bc6 6. Bd3 Nd7 7. O-O Ngf6 8.
Ng3 Be7 9. b3 O-O 10. Bb2 Bxf3 11. Qxf3 c6 12. c4 Qa5 13. a3 b5 14. Bc3 Qb6 15.
Rfe1 Rfe8 16. Ne4 Rad8 17. Ng5 Nf8 18. Re3 c5 19. dxc5 Qxc5 20. Re5 Qd6 21. Rd1
Qxa3 22. Rxb5 Ng6 23. Bxg6 Rxd1+ 24. Qxd1 hxg6 25. Ra5 Qd6 26. Qxd6 Bxd6 27.
Rxa7 Rb8 28. b4 Bf4 29. Nxf7 Ne4 30. Be1 Rf8 31. g3 Bb8 32. Rb7 Bxg3 33. hxg3
Rxf7 34. Rxf7 Kxf7 35. c5 Ke7 36. f3 Nf6 37. b5 Nd5 38. Ba5 Kd7 39. Kf2 g5 40.
Ke2 Ne7 41. Kd3 Nf5 42. c6+ Kc8 43. g4 Nd6 44. b6 Nf7 45. Kd4 Nd8 46. b7+ Nxb7
47. cxb7+ {Black resigns} 1-0

[Event "Team 45 45 League T43"]
[Site "Internet Chess Club"]
[Date "2010.01.01"]
[Round "9"]
[White "Ernie1"]
[Black "GadsHill"]
[Result "1-0"]
[WhiteElo "1642"]
[BlackElo "1523"]
[Opening "Queen's Pawn"]
[ECO "A41"]
[Time "19:00:10"]
[TimeControl "2700+45"]

1. d4 d6 2. Nf3 Nf6 3. Bg5 Nbd7 4. Bxf6 Nxf6 5. e3 c6 6. Bd3 Qc7 7. c4 e5 8. Qc2
Bg4 9. Nbd2 Be7 10. O-O O-O 11. h3 Bh5 12. Ng5 h6 13. Nh7 Rfe8 14. dxe5 dxe5 15.
Nxf6+ Bxf6 16. g4 Bg6 17. Bxg6 fxg6 18. Qxg6 Bg5 19. Ne4 Qe7 20. Rad1 Red8 21.
Nd6 Rd7 22. Nf5 Qf7 23. Qxf7+ Rxf7 24. Rd6 Kh7 25. Rfd1 Raf8 26. Rd7 g6 27. Ng3
Kg8 28. Ne4 Bh4 29. R1d6 Rxd7 30. Rxd7 Rf7 31. Rxf7 Kxf7 32. Nd6+ Ke6 33. Nxb7
e4 34. Nc5+ Ke5 35. Kg2 Be7 36. Nb3 Bf6 37. Nd4 Kd6 38. b3 Bh4 39. f4 exf3+ 40.
Kxf3 Bg5 41. Ke4 Bf6 42. Kd3 Kc5 43. a3 Kb6 44. e4 Kc5 45. Ne6+ Kd6 46. Nf4 g5
47. Ne2 Be5 48. Nd4 Kc5 49. b4+ Kb6 50. Nf5 Bb2 51. a4 Ba3 52. c5+ Kc7 53. Kc4
a5 {Black resigns} 1-0

[Event "Team 45 45 League T43"]
[Site "Internet Chess Club"]
[Date "2010.01.02"]
[Round "9"]
[White "AngryPirate"]
[Black "slipkid"]
[Result "0-1"]
[WhiteElo "1476"]
[BlackElo "1562"]
[Opening "French: King's Indian attack"]
[ECO "C00"]
[Time "13:01:50"]
[TimeControl "2700+45"]

1. e4 e6 2. d3 d5 3. Nd2 c5 4. Ngf3 Nf6 5. g3 Nc6 6. Bg2 Bd6 7. O-O O-O 8. Re1
Qb6 9. e5 Be7 10. exf6 Bxf6 11. Nf1 Bd7 12. Ne3 Rad8 13. Ng4 Be7 14. h4 f6 15.
b3 Bd6 16. a4 e5 17. Ne3 Be6 18. Nd2 Nb4 19. Ba3 d4 20. Nec4 Qc7 21. Bxb4 cxb4
22. Nxd6 Rxd6 23. Nc4 Rd7 24. Kh2 Re8 25. Bh3 Bxh3 26. Kxh3 Rde7 27. Qd2 a5 28.
Re2 h6 29. Rae1 g5 30. hxg5 hxg5 31. Kg2 Qc6+ 32. Re4 Qd5 33. Rh1 Rg7 34. Kg1 f5
35. Re2 e4 36. dxe4 fxe4 37. f3 e3 38. Nxe3 Qxf3 39. Rhh2 Rxe3 40. Rxe3 Qxe3+
41. Qxe3 dxe3 42. Kf1 Re7 43. Ke2 g4 44. Rh4 Re4 45. Rh5 b6 46. Rf5 Kg7 47. Rf4
Rxf4 48. gxf4 Kf6 49. Kxe3 Kf5 50. Ke2 Kxf4 51. Kf2 g3+ {White resigns} 0-1